 Dungeon Crawl Stone Soup version 0.31.0-9-g3a7656b989 (webtiles) character file.

Game seed: 14076948133962398366

1073 qw the Skirmisher (level 8, -2/46 HPs)
             Began as a Deep Elf Hunter on Feb 2, 2024.
             Killed from afar by a steam dragon (7 damage)
             ... with a ball of steam
             ... on level 6 of the Dungeon.
             The game lasted 00:00:27 (4349 turns).

qw the Skirmisher (Deep Elf Hunter)                 Turns: 4349, Time: 00:00:27

Health: -2/46      AC: 10    Str: 10    XL:     8   Next: 7%
Magic:  10/10      EV: 11    Int: 15    God:
Gold:   342        SH:  5    Dex: 18    Spells: 7/7 levels left

rFire   . . .        a - +0 shortbow
rCold   . . .        (shield currently unavailable)
rNeg    . . .        e - +0 ring mail
rPois   .            j - +2 helmet
rElec   .            g - +1 cloak
rCorr   +            (no gloves)
SInv    .            (no boots)
Will    .....        n - amulet of reflection
Stlth   +            f - ring of resist corrosion
HPRegen 0.27/turn    (no ring)
MPRegen 0.12/turn

%: reflection
@: marked
A: no striking features
a: no special abilities


You were on level 6 of the Dungeon.
You visited 1 branch of the dungeon, and saw 6 of its levels.

You collected 342 gold pieces.


   Skills:
 - Level 3.1 Fighting
 - Level 12.0 Ranged Weapons
 - Level 1.3 Armour
 + Level 3.3 Dodging
 - Level 1.2 Stealth


You had 7 spell levels left.
You didn't know any spells.
Your spell library was empty.

Inventory:

Hand Weapons
 a - a +0 shortbow (weapon)
Armour
 e - a +0 ring mail (worn)
 g - a +1 cloak (worn)
 j - a +2 helmet (worn)
Jewellery
 f - a ring of resist corrosion (left hand)
 n - an amulet of reflection (around neck)
Wands
 m - a wand of polymorph (9)
Scrolls
 b - 2 scrolls of teleportation {unknown}
Potions
 c - a potion of cancellation {unknown}
 d - 2 potions of resistance
 h - a potion of lignification {unknown}
 k - 3 potions of curing
 o - a potion of mutation {unknown}

Dungeon Overview and Level Annotations

Branches:
Dungeon (6/15)
 Temple: D:4-7

Altars:
Dithmenos
Qazlal
Sif Muna

Annotations:
D:6 1 runed translucent door, Crazy Yiuf


Message History

The steam dragon is moderately wounded.
You shoot an arrow.
The arrow barely misses the steam dragon.
The steam dragon bites you. The steam dragon barely misses you.
You shoot an arrow.
The arrow hits the steam dragon but does no damage.
The steam dragon is moderately wounded.
The steam dragon bites you. The steam dragon closely misses you.
You shoot an arrow.
The arrow hits the steam dragon but does no damage.
The steam dragon is moderately wounded.
An orc comes into view. It is wielding a +0 club.
You block the steam dragon's attack. The steam dragon claws you.
You shoot an arrow. The arrow hits the steam dragon.
The steam dragon is moderately wounded.
The steam dragon barely misses you.
The steam dragon claws you but does no damage.
You shoot an arrow. The arrow hits the steam dragon!
The steam dragon is heavily wounded.
The steam dragon breathes steam at you. The ball of steam hits you.
You shoot an arrow.
The arrow barely misses the steam dragon.
You are engulfed in a cloud of scalding steam.
The steam dragon bites you but does no damage.
The steam dragon claws you but does no damage.
You shoot an arrow.
The arrow barely misses the steam dragon.
You are engulfed in a cloud of scalding steam.
The steam dragon completely misses you. The steam dragon misses you.
You shoot an arrow.
The arrow hits the steam dragon but does no damage.
The steam dragon is heavily wounded.
The steam dragon bites you! The steam dragon claws you.
You shoot an arrow.
The arrow hits the steam dragon but does no damage.
The steam dragon is heavily wounded.
The steam dragon breathes steam at you. The ball of steam hits you!
You die...

.##># ##. .##.#
###.......#
.(.=....>.## ..........
.# ## #.......# #.# #.
#....... #.# #. <....
#.# #. #..# #.# #.
##.@###### #(######.
#.Do.....###........
#...................
D.....########....>....
####.# #...###### #.
##### #. #.


You could see a steam dragon (catching breath) and an orc.

Vanquished Creatures
  Eustachio (D:6)
  An ogre (D:5)
  A bullfrog (D:5)
  3 scorpions
  A bombardier beetle (D:4)
  2 jellies
  An orc priest (D:4)
  3 hounds
  A sleepcap (D:6)
  2 iguanas (D:4)
  Natasha (thrice) (D:4)
  7 gnolls
  4 adders
  A river rat (D:3)
  2 white imps
  2 ufetubi (D:4)
  4 dart slugs
  2 ribbon worms
  9 orcs
  9 endoplasms
  3 giant cockroaches
  5 hobgoblins
  2 jackals (D:1)
  3 quokkas
  7 ball pythons
  6 bats
  5 frilled lizards
  9 goblins
  7 kobolds
  8 rats
114 creatures vanquished.

Vanquished Creatures (others)
  A rat (D:1)
1 creature vanquished.

Grand Total: 115 creatures vanquished

Notes
Turn   | Place    | Note
-------+----------+-------------------------------------------
     0 | D:1      | qw the Deep Elf Hunter began the quest for the Orb.
     0 | D:1      | Reached XP level 1. HP: 12/12 MP: 3/3
     0 | D:1      | 0 ||| qw: Version: 0.3-a-155-g5e7d8dd
     0 | D:1      | 0 ||| qw: Game counter: 1317
     0 | D:1      | 0 ||| qw: Melee chars always use a shield: true
     0 | D:1      | 0 ||| qw: God list: Okawaru
     0 | D:1      | 0 ||| qw: Allow faded altars: false
     0 | D:1      | 0 ||| qw: Do Orc after clearing Dungeon:15 true
     0 | D:1      | 0 ||| qw: Do second Lair branch before Depths: true
     0 | D:1      | 0 ||| qw: Lair rune preference: random
     0 | D:1      | 0 ||| qw: Goals: Normal
     0 | D:1      | 0 ||| PLANNING D:1-11
   109 | D:1      | Reached XP level 2. HP: 16/16 MP: 4/4
   110 | D:1      | Reached skill level 6 in Ranged Weapons
   496 | D:1      | 496 ||| UPGRADING to +0 helmet.
   501 | D:1      | 501 ||| UPGRADING to +2 helmet.
   511 | D:1      | 511 ||| DROPPING +0 helmet.
   512 | D:1      | 512 ||| UPGRADING to amulet of regeneration.
   517 | D:1      | 517 ||| READING scroll labelled UFUITRA DU AGO.
   523 | D:1      | 523 ||| READING 2 scrolls labelled LISADE YPPAH.
   523 | D:1      | 523 ||| IDENTIFYING smoky amethyst potion
   524 | D:1      | 524 ||| READING scroll of identify.
   524 | D:1      | 524 ||| IDENTIFYING cyan potion
   525 | D:1      | 525 ||| READING scroll labelled JARUAS QIHO.
   526 | D:1      | 526 ||| DROPPING scroll of butterflies.
   527 | D:1      | 527 ||| DROPPING potion of degeneration.
   549 | D:2      | 549 ||| STAIRDANCE
   553 | D:2      | 553 ||| STAIRDANCE
   557 | D:2      | 557 ||| STAIRDANCE
   561 | D:2      | 561 ||| STAIRDANCE
   566 | D:1      | Reached XP level 3. HP: 19/20 MP: 5/5
   591 | D:2      | Reached skill level 7 in Ranged Weapons
   646 | D:2      | Found a faded altar of an unknown god.
   777 | D:2      | Found a stormy altar of Qazlal.
  1126 | D:2      | 1126 ||| UPGRADING to +0 ring mail.
  1136 | D:2      | 1136 ||| DROPPING +0 leather armour.
  1137 | D:2      | 1137 ||| READING scroll of identify.
  1137 | D:2      | 1137 ||| IDENTIFYING fuming orange potion
  1138 | D:2      | 1138 ||| READING scroll labelled YSMAUPUEWU.
  1239 | D:2      | 1239 ||| READING scroll labelled EMATHU COPROK.
  1244 | D:3      | 1244 ||| PLANNING SEWER
  1382 | D:3      | Reached XP level 4. HP: 25/25 MP: 6/6
  1842 | D:3      | 1842 ||| RIP SEWER
  1992 | D:3      | 1992 ||| PLANNING D:1-11
  1994 | D:3      | Reached skill level 8 in Ranged Weapons
  2179 | D:3      | 2179 ||| UPGRADING to +0 cloak.
  2184 | D:3      | 2184 ||| READING 2 scrolls of identify.
  2184 | D:3      | 2184 ||| IDENTIFYING murky emerald potion
  2185 | D:3      | 2185 ||| READING scroll of identify.
  2185 | D:3      | 2185 ||| IDENTIFYING orange potion
  2186 | D:3      | 2186 ||| READING scroll labelled NALAOFAECA.
  2187 | D:3      | 2187 ||| DROPPING potion of ambrosia.
  2189 | D:3      | 2189 ||| Stepping ~*~*~tactically~*~*~ (cloud).
  2336 | D:4      | Reached XP level 5. HP: 17/29 MP: 7/7
  2428 | D:4      | Found a shimmering blue altar of Sif Muna.
  2508 | D:4      | Reached skill level 9 in Ranged Weapons
  2544 | D:4      | Found a shadowy altar of Dithmenos.
  2654 | D:4      | Noticed Natasha
  2657 | D:4      | 2657 ||| RETREEEEATING.
  2669 | D:4      | Reached XP level 6. HP: 31/35 MP: 8/8
  2681 | D:4      | Killed Natasha
  2682 | D:4      | Reached skill level 1 in Armour
  2891 | D:4      | Noticed Natasha
  2898 | D:4      | Killed Natasha
  2899 | D:4      | Reached skill level 10 in Ranged Weapons
  3055 | D:4      | Noticed Natasha
  3070 | D:4      | Killed Natasha
  3097 | D:4      | 3097 ||| UPGRADING to amulet of reflection.
  3107 | D:4      | 3107 ||| DROPPING amulet of regeneration.
  3108 | D:4      | 3108 ||| DROPPING +6 ring of intelligence.
  3109 | D:4      | 3109 ||| UPGRADING to ring of resist corrosion.
  3110 | D:4      | 3110 ||| DRINKING 2 coppery potions.
  3111 | D:4      | 3111 ||| DROPPING potion of brilliance.
  3114 | D:5      | Entered Level 5 of the Dungeon
  3128 | D:5      | 3128 ||| FLEEEEING.
  3129 | D:5      | 3129 ||| FLEEEEING.
  3130 | D:5      | 3130 ||| FLEEEEING.
  3132 | D:5      | 3132 ||| FLEEEEING.
  3133 | D:5      | 3133 ||| FLEEEEING.
  3134 | D:5      | 3134 ||| FLEEEEING.
  3135 | D:5      | 3135 ||| FLEEEEING.
  3138 | D:5      | 3138 ||| STAIRDANCE
  3162 | D:5      | Reached skill level 3 in Dodging
  3178 | D:5      | Reached XP level 7. HP: 40/40 MP: 9/9
  3476 | D:5      | HP: 5/40 [ogre/+0 giant club (18)]
  3477 | D:5      | 3477 ||| DRINKING potion of heal wounds.
  3627 | D:5      | Reached skill level 11 in Ranged Weapons
  3863 | D:5      | 3863 ||| DROPPING +1 leather armour of positive energy.
  3864 | D:5      | 3864 ||| UPGRADING to +1 cloak.
  3874 | D:5      | 3874 ||| DROPPING +0 cloak.
  3875 | D:5      | 3875 ||| READING scroll labelled CURGHO UTHAEGYN.
  3906 | D:6      | 3906 ||| STAIRDANCE
  3983 | D:6      | 3983 ||| STAIRDANCE
  4002 | D:6      | 4002 ||| STAIRDANCE
  4021 | D:6      | 4021 ||| STAIRDANCE
  4027 | D:6      | 4027 ||| STAIRDANCE
  4078 | D:6      | Reached skill level 12 in Ranged Weapons
  4125 | D:6      | Noticed Eustachio
  4139 | D:6      | Killed Eustachio
  4140 | D:6      | Reached skill level 3 in Fighting
  4140 | D:6      | Reached XP level 8. HP: 46/46 MP: 10/10
  4161 | D:6      | Found a runed translucent door.
  4162 | D:6      | Noticed Crazy Yiuf
  4335 | D:6      | 4335 ||| FLEEEEING.
  4348 | D:6      | HP: 6/46 [steam dragon (7)]
  4349 | D:6      | Killed from afar by a steam dragon

Levels and vault maps discovered:
D:1:      dpeg_arrival_simpleton_c, layout_rooms
D:2:      layout_loops_ring, basic_altar, basic_ecumenical_altar
D:3:      layout_basic, portal_sewer_entry_b
D:4:      layout_cave_pods, mainiacjoe_overflow_surrounded_room,
          nicolae_dithmenos_shadow_blocks,
          serial_library_hellmonk_narrow_alcove, hangedman_decor_push,
          uniq_natasha
D:5:      layout_rooms
D:6:      layout_loops_ring, uniq_crazy_yiuf_cottage, uniq_eustachio

Skill      XL: |  1  2  3  4  5  6  7 |
---------------+----------------------+-----
Ranged Weapons | 6 7 8 9 10 12 | 12.0
Fighting       | 2 3 |  3.1
Armour         | 1 |  1.3
Dodging        | 3 |  3.3
Stealth        | |  1.2

Action                     |  1- 3 |  4- 6 |  7- 9 || total
---------------------------+-------+-------+-------++-------
   Fire: Shortbow          |   105 |   197 |   135 ||   437
    Use: Scroll            |     7 |     3 |     1 ||    11
         Potion            |       |     1 |     1 ||     2
 Armour: Leather armour    |    16 |       |       ||    16
         Ring mail         |     1 |    68 |    52 ||   121
  Dodge: Dodged            |    15 |    58 |    30 ||   103
  Block: Other             |       |     4 |    18 ||    22
         Reflection        |       |     1 |     1 ||     2

Table legend:
 A = Non-vault XP
 B = Vault XP
 C = Vault XP percentage of total XP
 D = Non-vault monster count
 E = Vault monster count
 F = Vault count percentage of total count
                 A         B        C        D         E       F
            +---------+---------+-------+---------+---------+-------
      Total |    1282 |     252 |  16.4 |     107 |       7 |   6.1
            +---------+---------+-------+---------+---------+-------
        D:1 |      43 |       0 |   0.0 |      25 |       0 |   0.0
        D:2 |      42 |       0 |   0.0 |      18 |       0 |   0.0
        D:3 |      64 |      16 |  20.0 |      24 |       4 |  14.3
        D:4 |     466 |      45 |   8.8 |      21 |       2 |   8.7
        D:5 |     541 |       0 |   0.0 |      14 |       0 |   0.0
        D:6 |     126 |     191 |  60.3 |       5 |       1 |  16.7
            +---------+---------+-------+---------+---------+-------
